 Dungeon Crawl Stone Soup version 0.31-a0-536-ga3e2962e35 (webtiles) character file.

Game seed: 2724680646291584472

86 CrazyBamboolord the Magician (level 4, -1/23 (31) HPs)
             Began as a Djinni Hedge Wizard on Aug 13, 2023.
             Slain by a gnoll
             ... wielding a +0 spear
              (8 damage)
             ... on level 3 of the Dungeon.
             The game lasted 00:05:42 (1900 turns).

CrazyBamboolord the Magician (Djinni Hedge Wizard)  Turns: 1900, Time: 00:05:42

HP:   -1/23 (31)    AC:  2    Str:  9    XL:     4   Next: 77%
Gold: 36            EV: 12    Int: 17    God:
                    SH:  0    Dex: 13

rFire   + + .        p - +1 short sword (venom)
rCold   x . .        (no shield)
rNeg    . . .        b - +0 robe
rPois   ∞            c - +0 hat
rElec   .            (no cloak)
rCorr   .            (no gloves)
SInv    .            (boots unavailable)
Will    .....        (no amulet)
Stlth   ++           (no ring)
HPRegen 0.23/turn    (no ring)
MPRegen 0.00/turn

%: infuse magic (-2 HP)
@: flying, very heavily drained
A: sickness immunity, fire resistance 2, cold vulnerability 1, float, innate
caster, HP casting, extra vitality 1
a: no special abilities


You were on level 3 of the Dungeon.
You visited 1 branch of the dungeon, and saw 3 of its levels.

You collected 36 gold pieces.

Inventory:

Hand Weapons
 p - a +1 short sword of venom (weapon)
Missiles
 m - a throwing net
Armour
 b - a +0 robe (worn)
 c - a +0 hat (worn)
Scrolls
 a - a scroll of fog {unknown}
 d - a scroll of blinking {unknown}
 e - 2 scrolls of summoning
 h - 2 scrolls of teleportation
 i - a scroll of silence {unknown}
 k - a scroll of vulnerability {unknown}
 n - a scroll of immolation {unknown}
 q - a scroll of enchant armour {unknown}
Potions
 f - a potion of lignification
 g - a potion of magic {unknown}
 j - a potion of mutation {unknown}
 l - a potion of curing {unknown}
 o - a potion of resistance {unknown}
 r - a potion of might {unknown}


   Skills:
 + Level 3.0 Dodging
 + Level 2.4 Stealth
 * Level 3.6 Spellcasting
 * Level 3.6 Conjurations
 * Level 3.6 Hexes
 * Level 3.6 Summonings
 * Level 3.6 Necromancy
 * Level 3.6 Translocations
 * Level 3.6 Transmutations
 * Level 3.6 Fire Magic
 * Level 3.6 Ice Magic
 * Level 3.6 Air Magic
 * Level 3.6 Earth Magic
 * Level 3.6 Poison Magic


You knew the following spells:

 Your Spells              Type           Power      Damage    Failure   Level
a - Magic Dart            Conj           60%        1d6       3%          1
b - Slow                  Hex            60%        N/A       3%          1
c - Blink                 Tloc           30%        N/A       5%          2
d - Call Imp              Summ           30%        N/A       5%          2
e - Mephitic Cloud        Conj/Pois/Air  15%        N/A       11%         3
f - Kiss of Death         Conj/Necr      60%        2d10      3%          1
Your spell library was empty.

Dungeon Overview and Level Annotations

Branches:
Dungeon (3/15)

Altars:
Fedhas


Innate Abilities, Weirdness & Mutations

You are immune to sickness and miasma.
You are immune to poison.
Your flesh is very heat resistant. (rF++)
You are vulnerable to cold. (rC-)
You float through the air rather than walking.
You learn spells naturally, not from books.
Your magical power is your life essence.
You have superior vitality. (+4 MHP)


Message History

The gnoll hits your cerulean imp with a +0 club.
Your cerulean imp dies!
Your cerulean imp disappears in a puff of smoke!
Casting: Call Imp (safe; 5% risk of failure)
Confirm with . or Enter, or press ? or * to list all spells.
A tiny devil pulls itself out of the air.
* * * LOW HITPOINT WARNING * * *
Your cerulean imp hits the gnoll from afar with a -3 spear.
Your cerulean imp hits the gnoll with a -3 spear.
Your cerulean imp closely misses the gnoll.
Your cerulean imp hits the gnoll with a -3 spear.
The gnoll hits something with a +0 spear.
The gnoll hits something from afar with a +0 spear!
Unknown command.
The gnoll misses you.
You see here a +0 whip.
Unknown command.
Casting: Call Imp (safe; 5% risk of failure)
Confirm with . or Enter, or press ? or * to list all spells.
You miscast Call Imp.
You are very lightly contaminated with residual magic.
Nothing appears to happen.
The gnoll hits you from afar with a +0 spear.
* * * LOW HITPOINT WARNING * * *
Your magical contamination has completely faded away.
Found 11 gold pieces.
You see here 11 gold pieces.
Casting: Call Imp (safe; 5% risk of failure)
Confirm with . or Enter, or press ? or * to list all spells.
A tiny devil pulls itself out of the air.
The gnoll closely misses you.
Casting: Call Imp (safe; 5% risk of failure)
Confirm with . or Enter, or press ? or * to list all spells.
Okay, then.
The gnoll hits you from afar with a +0 spear.
* * * LOW HITPOINT WARNING * * *
Your cerulean imp hits the gnoll with a -3 spear.
Unknown command.
The gnoll hits you from afar with a +0 spear!
You die...

#.# #.#.# #g#.###.#.#
#.#####.#.# #g#...#.#.#
........#.#######.###.#.#.#
#.........)...g...#.#.#.#.#
#..######.#.##.####.#.#.#.#
##.######.#..#.####.#.#.#.###
#.#......##.#.##.g.#.#.#...####
#.#########.#.##5#.#.#.#.#....#
..# #.#.#@##g#.#.#.#.#.### ###
#.#.####g#.#.#.#.#....
#.#.#.##.#.#.###.##...
#.#....#.#.#.....##...
#.#####..#g#####.##### #..
##$#g# #.# #.#.# #.#### #...#
#....# ##### ###.##


You could see a gnoll (ally target) and a friendly cerulean imp (summoned).

Vanquished Creatures
  A gnoll (D:3)
  2 adders (D:2)
  A worm (D:2)
  4 endoplasms
  A giant cockroach (D:1)
  6 goblins
  5 hobgoblins
  3 quokkas
  5 ball pythons
  4 bats
  7 frilled lizards
  5 kobolds
  8 rats
52 creatures vanquished.

Vanquished Creatures (collateral kills)
  2 endoplasms
  A kobold (D:1)
  A quokka (D:1)
4 creatures vanquished.

Grand Total: 56 creatures vanquished

Notes
Turn   | Place    | Note
-------+----------+-------------------------------------------
     0 | D:1      | CrazyBamboolord the Djinni Hedge Wizard began the quest for
                  | the Orb.
     0 | D:1      | CrazyBamboolord set off with the following spells
                  | memorised: Magic Dart, Slow, Blink, Call Imp, Mephitic
                  | Cloud.
     0 | D:1      | Reached XP level 1. HP: 15/15 MP: 0/0
   119 | D:1      | Reached XP level 2. HP: 11/21 MP: 0/0
   444 | D:1      | Reached XP level 3. HP: 20/25 MP: 0/0
   444 | D:1      | Learned a level 1 spell: Kiss of Death
  1102 | D:2      | Reached XP level 4. HP: 19/31 MP: 0/0
  1444 | D:2      | Found a blossoming altar of Fedhas.
  1710 | D:3      | Found a blossoming altar of Fedhas.
  1900 | D:3      | Slain by a gnoll

Illustrated notes

Levels and vault maps discovered:
D:1:      evilmike_arrival_plus, layout_loops_ring, minmay_misc_feat_plants,
          corexii_hall_statues_u, minmay_splitting_lines
D:2:      minmay_alternating_diamond, layout_basic, basic_altar,
          minmay_split_cup_small
D:3:      layout_loops_ring, fedhas_altar_1, serial_co_window_serial,
          co_window_corner_a, co_window_paths_a, co_window_paths_a,
          co_window_paths_a, co_window_paths_a, co_window_corner_a,
          co_window_cross_1, co_window_2corner, co_window_of_opportunity_b,
          co_window_corner_b, co_window_broadway_b, co_window_paths_e,
          glass_columns_a, glass_columns_a, glass_columns_a, glass_columns_c,
          glass_columns_b

Skill      XL: |  1  2  3 |
---------------+----------+-----
Spellcasting   | 3 |  3.6
Conjurations   | 3 |  3.6
Hexes          | 3 |  3.6
Summonings     | 3 |  3.6
Necromancy     | 3 |  3.6
Translocations | 3 |  3.6
Transmutations | 3 |  3.6
Fire Magic     | 3 |  3.6
Ice Magic      | 3 |  3.6
Air Magic      | 3 |  3.6
Earth Magic    | 3 |  3.6
Poison Magic   | 3 |  3.6
Stealth        | 2 |  2.4
Dodging        | 3 |  3.0

Action                     |  1- 3 |  4- 6 || total
---------------------------+-------+-------++-------
   Cast: Magic Dart        |    79 |    33 ||   112
         Call Imp          |     2 |     6 ||     8
         Kiss of Death     |     1 |     2 ||     3
         Mephitic Cloud    |       |     1 ||     1
    Use: Scroll            |       |     3 ||     3
 Armour: Robe              |     1 |       ||     1
  Dodge: Dodged            |     8 |     7 ||    15

Table legend: (Time is in decaauts)
 A = Elapsed time spent in this place.
 B = Non-inter-level travel time spent in this place.
 C = Inter-level travel time spent in this place.
 D = Time resting spent in this place.
 E = Time spent auto-exploring this place.
 F = Levels seen in this place.
 G = Mean time per level.
                   A        B        C        D        E       F      G
               +--------+--------+--------+--------+--------+-----+--------+
         Total |   1899 |   1862 |     37 |     67 |   1472 |   3 |  633.0 |
       Dungeon |   1899 |   1862 |     37 |     67 |   1472 |   3 |  633.0 |
               +--------+--------+--------+--------+--------+-----+--------+

Top non-repeatable levels by time:
     D:1: 854 daAuts
     D:2: 719 daAuts
     D:3: 325 daAuts
